 Dungeon Crawl Stone Soup version 0.25-a0-589-g1e14c549ee (webtiles) character file.

Game seed: 5857447215140625387, levelgen mode: deterministic

45692 Emblim88 the Blocker (level 14, 0/113 HPs)
             Began as a Gnoll Fighter on Mar 13, 2020.
             Was the Champion of Zin.
             Slain by Rupert
             ... wielding a +0 vorpal battleaxe
              (3 damage)
             ... while paralysed by Rupert
             ... on level 2 of the Lair of Beasts.
             The game lasted 00:42:43 (18505 turns).

Emblim88 the Blocker (Gnoll Fighter)               Turns: 18505, Time: 00:42:43

Health: 0/113      AC: 25    Str: 25    XL:     14   Next: 34%
Magic:  27/27      EV:  2    Int: 13    God:    Zin [******]
Gold:   2093       SH:  0    Dex: 15    Spells: 6/31 levels left

rFire    . . .     SeeInvis .   L - +4 flail (freeze)
rCold    . . .     Gourm    .   z - +3 buckler {rPois}
rNeg     . . .     Faith    .   t - +6 chain mail of Watchfulness {rC+ Int+2 Stlth+}
rPois    +         Spirit   .   C - +2 hat
rElec    +         Reflect  .   (no cloak)
rCorr    +         Harm     .   O - +2 pair of gloves of the Lute {rElec rC- Str+2}
MR       +....                  o - +1 pair of boots
Stlth    ++........             (no amulet)
HPRegen  0.28/turn              p - ring of flight
MPRegen  0.20/turn              r - ring of resist corrosion

@: paralysed, hasted, lightly drained
A: distributed training, fangs 1, strong nose
a: Recite, Vitalisation, Imprison, Sanctuary, Donate Gold, Renounce Religion,
Evoke Flight


You were on level 2 of the Lair of Beasts.
You worshipped Zin.
Zin was exalted by your worship.
You were near starving.

You visited 3 branches of the dungeon, and saw 18 of its levels.
You also visited: Bailey.

You collected 2219 gold pieces.
You donated 126 gold pieces to Zin.

Inventory:

Hand Weapons
 H - a +2 vorpal hand axe
 L - a +4 flail of freezing (weapon)
 T - a +4 hunting sling
Missiles
 b - 2 throwing nets
 D - 70 poisoned darts
 G - 4 boomerangs (quivered)
Armour
 o - a +1 pair of boots (worn)
 t - the +6 chain mail of Watchfulness (worn) {rC+ Int+2 Stlth+}
   (You found it on level 4 of the Dungeon)

   It affects your intelligence (+2).
   It protects you from cold.
   It makes you more stealthy.
 z - a +3 buckler of poison resistance (worn)
 C - a +2 hat (worn)
 O - the +2 pair of gloves of the Lute (worn) {rElec rC- Str+2}
   (You found it on level 13 of the Dungeon)

   It affects your strength (+2).
   It makes you vulnerable to cold.
   It insulates you from electricity.
Jewellery
 p - a ring of flight (left hand)
 r - a ring of resist corrosion (right hand)
 V - an uncursed amulet of harm
Wands
 c - a wand of digging (13)
 M - a wand of iceblast (7)
 Q - a wand of flame (16)
Scrolls
 g - 11 scrolls of remove curse
 h - 3 scrolls of amnesia
 i - 3 scrolls of blinking
 k - 2 scrolls of fear
 m - 2 scrolls of magic mapping
 n - a scroll of vulnerability
 v - 6 scrolls of teleportation {unknown}
 A - 2 scrolls of random uselessness {unknown}
 E - a scroll of enchant weapon {unknown}
 N - a scroll of noise {unknown}
 P - 2 scrolls of identify
 X - a scroll of summoning {unknown}
Potions
 d - 2 potions of stabbing {unknown}
 j - a potion of flight {unknown}
 l - 3 potions of brilliance {unknown}
 s - 6 potions of curing
 u - a potion of haste
 x - a potion of cancellation {unknown}
 B - 5 potions of heal wounds {unknown}
 F - a potion of lignification {unknown}
 I - a potion of mutation {unknown}
 J - a potion of ambrosia {unknown}
 R - a potion of berserk rage {unknown}
 S - 2 potions of might
 U - a potion of resistance {unknown}
Miscellaneous
 e - a lightning rod (1/4)
 w - a tin of tremorstones
 y - a box of beasts
 K - a crystal ball of energy
Comestibles
 f - 18 rations


   Skills:
 + Level 11.0(10.4) Fighting
 + Level 9.0(8.5) Short Blades
 + Level 10.1(9.5) Long Blades
 + Level 9.0(8.5) Axes
 + Level 9.0(8.5) Maces & Flails
 + Level 9.0(8.5) Polearms
 + Level 9.0(8.5) Staves
 + Level 9.0(8.5) Slings
 + Level 9.0(8.5) Bows
 + Level 9.0(8.5) Crossbows
 + Level 9.0(8.5) Throwing
 + Level 11.0(10.4) Armour
 + Level 9.0(8.5) Dodging
 + Level 9.0(8.5) Stealth
 + Level 11.0(10.4) Shields
 + Level 9.0(8.5) Unarmed Combat
 + Level 9.0(8.5) Spellcasting
 + Level 7.5(7.0) Conjurations
 + Level 7.5(7.0) Hexes
 + Level 7.5(7.0) Charms
 + Level 7.5(7.0) Summonings
 + Level 7.5(7.0) Necromancy
 + Level 7.5(7.0) Translocations
 + Level 7.5(7.0) Transmutations
 + Level 7.5(7.0) Fire Magic
 + Level 7.5(7.0) Ice Magic
 + Level 7.5(7.0) Air Magic
 + Level 7.5(7.0) Earth Magic
 + Level 7.5(7.0) Poison Magic
 + Level 9.8(9.2) Invocations
 + Level 9.0(8.5) Evocations


You had 6 spell levels left.
You knew the following spells:

 Your Spells              Type           Power        Failure   Level  Hunger
a - Ring of Flames        Chrm/Fire      ###.......   100%        7    #######
b - Mephitic Cloud        Conj/Pois/Air  ###.....     11%         3    ##.....
c - Freezing Cloud        Conj/Ice/Air   ###.......   99%         6    #######
d - Blink                 Tloc           N/A          5%          2    None
e - Slow                  Hex            ###.....     5%          2    None
f - Fireball              Conj/Fire      ###.......   69%         5    #####..

Your spell library contained the following spells:

 Spells                   Type           Power        Failure   Level  Hunger
 Beastly Appendage        Tmut           ###...       3%          1    None
 Magic Dart               Conj           ###.         3%          1    None
 Call Imp                 Summ           ###.....     5%          2    None
 Sticks to Snakes         Tmut           ###.....     5%          2    None
 Conjure Flame            Conj/Fire      ###.....     11%         3    ##.....
 Ignite Poison            Fire/Tmut/Pois ###.....     11%         3    ##.....
 Spider Form              Tmut/Pois      ###.......   11%         3    ##.....
 Ice Form                 Ice/Tmut       ###.....     34%         4    ####...
 Blade Hands              Tmut           ###.......   69%         5    #####..
 Metabolic Englaciation   Hex/Ice        ###.......   69%         5    #####..
 Ozocubu's Refrigeration  Ice            ###.......   99%         6    #######
 Simulacrum               Ice/Necr       ###.......   99%         6    #######
 Starburst                Conj/Fire      ###.......   99%         6    #######
 Ignition                 Fire           ###.......   100%        8    #######


Dungeon Overview and Level Annotations

Branches:
Dungeon (14/15)            Temple (1/1) D:6            Lair (3/6) D:11
  Snake (0/4) Lair:2          Orc (0/2) D:9          Bailey (visited)
  Swamp: Lair:2-4    Shoals: Lair:2-4    Vaults: D:13-14

Altars:
Ashenzari
Cheibriados
Dithmenos
Elyvilon
Fedhas
Gozag
Hepliaklqana
Kikubaaqudgha
Makhleb
Nemelex Xobeh
Okawaru
Qazlal
Ru
Sif Muna
Trog
Uskayaw
Vehumet
Wu Jian
Xom
Yredelemnul
Zin
The Shining One

Annotations:
D:6 2 transporters
D:7 2 transporters, Eurus's ghost, novice HuCj
D:12 3 runed translucent doors, metalgraveraven's ghost, journeyman GnGl
Lair:2 Rupert


Innate Abilities, Weirdness & Mutations

Your experience applies equally to all skills.
You have very sharp teeth.
Your uncanny sense of smell can sniff out nearby items.


Message History

Rupert is moderately wounded.
You hit Rupert. You freeze Rupert.
Rupert is heavily wounded. "...the word of Zin, and such is the law!"
Rupert is dazed by your recitation.
You finish reciting Abominations 19:46.
The blink frog hits you!
* * * LOW HITPOINT WARNING * * *
Rupert yells loudly at you.
You suddenly lose the ability to move!
The blink frog hits you but does no damage.
The blink frog hits you.
* * * LOW HITPOINT WARNING * * *
The blink frog hits you but does no damage.
Rupert barely misses you.
Rupert looks more energetic.
The blink frog hits you but does no damage.
The blink frog hits you but does no damage.
Rupert hits you with a +0 vorpal battleaxe.
You die...

## .#### #### ### ###
.##P#########..####.####.#
..............S@@.......##
.......#.P#....F.#.......#
#.##PP.####.............##
######..# #..P....+.....#
###.####..P....#.....#
#.#.###...#..........# ##
##...##...#....#.....#
.####...###.......#.....##
.........#...P...........#


You could see Rupert (dazed), a black mamba and a blink frog.

Vanquished Creatures
  Gastronok (Lair:2)
  Josephine (D:12)
  3 hydras
  An ice dragon (D:13)
  A great orb of eyes (D:13)
  A catoblepas (D:13)
  A centaur warrior (D:13)
  2 two-headed ogres
  2 unseen horrors
  2 orc knights
  3 deep elf magi (D:13)
  4 cyclopes
  6 ugly things
  2 manticores
  A centaur zombie (D:14)
  A salamander (shapeshifter) (D:14)
  A gargoyle (D:11)
  5 spiny frogs
  3 komodo dragons
  2 kobold demonologists (D:11)
  4 trolls
  A polar bear (shapeshifter) (D:13)
  A hornet (Lair:2)
  8 blink frogs
  4 slime creatures (D:13)
  5 hippogriffs
  A meliai zombie (D:12)
  Sigmund (D:2)
  A shadow (D:13)
  43 yaks
  A steam dragon (D:13)
  2 hogs (D:7)
  5 wyverns
  7 wraiths
  A wyvern (shapeshifter) (D:14)
  A basilisk (Lair:2)
  A human (D:7)
  A hungry ghost (D:9)
  4 vampire mosquitoes (D:14)
  An acid dragon (D:12)
  7 water moccasins
  4 porcupines
  2 black bears
  6 ice beasts
  10 orc warriors
  2 necrophages
  An eye of draining (D:12)
  5 ogres
  A black bear (shapeshifter) (D:14)
  3 sky beasts
  5 phantoms
  12 wolves
  16 centaurs
  6 crocodiles
  A big kobold (D:7)
  A wyvern zombie (D:13)
  13 bullfrogs
  A scorpion (D:4)
  9 killer bees
  3 troll zombies (D:9)
  4 wights (D:13)
  6 howler monkeys
  9 crimson imps
  A bullfrog zombie (D:13)
  6 hounds
  3 jellies
  4 orc priests
  17 orc wizards
  2 bullfrog skeletons
  7 centaur skeletons
  4 iguanas
  Natasha (thrice) (D:2)
  8 worker ants
  3 ogre zombies (D:9)
  A howler monkey zombie (D:7)
  Robin (D:2)
  A howler monkey skeleton (D:5)
  16 gnolls
  13 adders
  6 shadow imps
  An ooze (D:5)
  3 worms
  3 dart slugs
  7 leopard geckos
  33 orcs
  A ball python (D:5)
  5 giant cockroaches
  19 goblins
  10 hobgoblins
  9 jackals
  5 quokkas
  5 bats
  7 frilled lizards
  2 goblin zombies (D:9)
  A hobgoblin skeleton (D:9)
  2 hobgoblin zombies (D:9)
  A jackal zombie (D:5)
  20 kobolds
  4 orc skeletons (D:9)
  10 orc zombies (D:9)
  6 rats
513 creatures vanquished.

Vanquished Creatures (others)
  3 fungi (Lair:2)
3 creatures vanquished.

Grand Total: 516 creatures vanquished

Notes
Turn   | Place    | Note
-------+----------+-------------------------------------------
     0 | D:1      | Emblim88 the Gnoll Fighter began the quest for the Orb.
     0 | D:1      | Reached XP level 1. HP: 23/23 MP: 1/1
    78 | D:1      | Reached XP level 2. HP: 28/29 MP: 2/2
   459 | D:1      | Reached XP level 3. HP: 35/35 MP: 3/3
   926 | D:2      | Reached skill level 1 in Invocations
   992 | D:2      | Noticed Natasha
  1000 | D:2      | Killed Natasha
  1000 | D:2      | Reached skill level 1 in Short Blades
  1000 | D:2      | Reached skill level 1 in Axes
  1000 | D:2      | Reached skill level 1 in Maces & Flails
  1000 | D:2      | Reached skill level 1 in Polearms
  1000 | D:2      | Reached skill level 1 in Staves
  1000 | D:2      | Reached skill level 1 in Slings
  1000 | D:2      | Reached skill level 1 in Bows
  1000 | D:2      | Reached skill level 1 in Crossbows
  1000 | D:2      | Reached skill level 1 in Throwing
  1000 | D:2      | Reached skill level 1 in Dodging
  1000 | D:2      | Reached skill level 1 in Stealth
  1000 | D:2      | Reached skill level 1 in Unarmed Combat
  1000 | D:2      | Reached skill level 1 in Spellcasting
  1000 | D:2      | Reached skill level 1 in Evocations
  1000 | D:2      | Reached XP level 4. HP: 41/41 MP: 5/5
  1020 | D:2      | Noticed Natasha
  1027 | D:2      | Killed Natasha
  1323 | D:2      | Reached skill level 1 in Conjurations
  1323 | D:2      | Reached skill level 1 in Hexes
  1323 | D:2      | Reached skill level 1 in Charms
  1323 | D:2      | Reached skill level 1 in Summonings
  1323 | D:2      | Reached skill level 1 in Necromancy
  1323 | D:2      | Reached skill level 1 in Translocations
  1323 | D:2      | Reached skill level 1 in Transmutations
  1323 | D:2      | Reached skill level 1 in Fire Magic
  1323 | D:2      | Reached skill level 1 in Ice Magic
  1323 | D:2      | Reached skill level 1 in Air Magic
  1323 | D:2      | Reached skill level 1 in Earth Magic
  1323 | D:2      | Reached skill level 1 in Poison Magic
  1437 | D:2      | Noticed Robin
  1443 | D:2      | Killed Robin
  1478 | D:2      | Noticed Natasha
  1480 | D:2      | Killed Natasha
  1480 | D:2      | Reached XP level 5. HP: 43/47 MP: 5/7
  1648 | D:2      | Noticed Sigmund
  1665 | D:2      | Killed Sigmund
  1665 | D:2      | Reached XP level 6. HP: 39/53 MP: 8/8
  2102 | D:3      | Reached skill level 5 in Long Blades
  2600 | D:4      | Reached XP level 7. HP: 50/59 MP: 10/10
  2716 | D:4      | Found a shattered altar of Ashenzari.
  2749 | D:4      | Got a scorched chain mail
  2760 | D:4      | Identified the +6 chain mail of Watchfulness {rC+ Int+2
                  | Stlth+} (You found it on level 4 of the Dungeon)
  3091 | D:5      | Entered Level 5 of the Dungeon
  3454 | D:4      | Reached XP level 8. HP: 24/67 MP: 10/12
  3857 | D:5      | Found an ornate altar of the Wu Jian Council.
  4607 | D:6      | Found a staircase to the Ecumenical Temple.
  4622 | Temple   | Entered the Ecumenical Temple
  4860 | Temple   | Became a worshipper of Zin the Law-Giver
  4860 | Temple   | Reached * piety under Zin
  4950 | D:6      | Found a transporter.
  4953 | D:6      | Noticed a kobold demonologist
  4963 | D:6      | Noticed a kobold demonologist
  4968 | D:6      | Found a transporter.
  5077 | D:6      | Reached XP level 9. HP: 64/72 MP: 14/14
  5731 | D:7      | Noticed Eurus's ghost (novice HuCj)
  5732 | D:7      | Found a transporter.
  5736 | D:7      | Identified the cursed +3 dire flail of Stickiness {holy,
                  | +Fly rC+ MP-9 SInv}
  5736 | D:7      | Noticed a two-headed ogre
  5750 | D:7      | Found a transporter.
  5851 | D:7      | Reached ** piety under Zin
  6154 | D:7      | Reached skill level 5 in Invocations
  6161 | D:7      | Reached XP level 10. HP: 72/80 MP: 15/17
  6307 | D:8      | Noticed a two-headed ogre
  6323 | D:8      | Killed a two-headed ogre
  6323 | D:8      | Reached skill level 5 in Short Blades
  6323 | D:8      | Reached skill level 5 in Axes
  6323 | D:8      | Reached skill level 5 in Maces & Flails
  6323 | D:8      | Reached skill level 5 in Polearms
  6323 | D:8      | Reached skill level 5 in Staves
  6323 | D:8      | Reached skill level 5 in Slings
  6323 | D:8      | Reached skill level 5 in Bows
  6323 | D:8      | Reached skill level 5 in Crossbows
  6323 | D:8      | Reached skill level 5 in Throwing
  6323 | D:8      | Reached skill level 5 in Dodging
  6323 | D:8      | Reached skill level 5 in Stealth
  6323 | D:8      | Reached skill level 5 in Unarmed Combat
  6323 | D:8      | Reached skill level 5 in Spellcasting
  6323 | D:8      | Reached skill level 5 in Evocations
  7229 | D:9      | Found a shadowy altar of Dithmenos.
  7229 | D:9      | Found an iron altar of Okawaru.
  7250 | D:9      | Reached *** piety under Zin
  7259 | D:9      | Found a sacrificial altar of Ru.
  7262 | D:9      | Found a shimmering blue altar of Sif Muna.
  7263 | D:9      | Found a shattered altar of Ashenzari.
  7263 | D:9      | Found an ornate altar of the Wu Jian Council.
  7263 | D:9      | Found a shimmering altar of Xom.
  7263 | D:9      | Found a bloodstained altar of Trog.
  7264 | D:9      | Found a stormy altar of Qazlal.
  7265 | D:9      | Found a burning altar of Makhleb.
  7266 | D:9      | Found a blossoming altar of Fedhas.
  7267 | D:9      | Found an opulent altar of Gozag.
  7268 | D:9      | Found a white marble altar of Elyvilon.
  7481 | D:9      | Reached **** piety under Zin
  7704 | D:9      | Found a staircase to the Orcish Mines.
  8024 | D:10     | Entered Level 10 of the Dungeon
  8122 | D:10     | Reached XP level 11. HP: 78/87 MP: 19/19
  8337 | D:10     | You fall into a shaft and drop 2 floors!
  8358 | D:12     | Noticed Josephine
  8388 | D:12     | Killed Josephine
  8388 | D:12     | Reached skill level 5 in Conjurations
  8388 | D:12     | Reached skill level 5 in Hexes
  8388 | D:12     | Reached skill level 5 in Charms
  8388 | D:12     | Reached skill level 5 in Summonings
  8388 | D:12     | Reached skill level 5 in Necromancy
  8388 | D:12     | Reached skill level 5 in Translocations
  8388 | D:12     | Reached skill level 5 in Transmutations
  8388 | D:12     | Reached skill level 5 in Fire Magic
  8388 | D:12     | Reached skill level 5 in Ice Magic
  8388 | D:12     | Reached skill level 5 in Air Magic
  8388 | D:12     | Reached skill level 5 in Earth Magic
  8388 | D:12     | Reached skill level 5 in Poison Magic
  8924 | D:12     | Noticed an ettin
  8924 | D:12     | Noticed a two-headed ogre
  8926 | D:12     | Noticed a fire giant
  8953 | D:12     | Killed a two-headed ogre
  9256 | D:12     | Found a runed translucent gate.
  9256 | D:12     | Found a runed translucent gate.
  9256 | D:12     | Found a runed translucent gate.
  9257 | D:12     | Noticed metalgraveraven's ghost (journeyman GnGl)
  9347 | D:12     | Noticed a manticore
  9417 | D:12     | Killed a manticore
  9916 | D:13     | Noticed a red ugly thing
  9916 | D:13     | Noticed a purple ugly thing
  9919 | D:13     | Noticed a seven-headed hydra
  9939 | D:12     | Killed a brown ugly thing
  9953 | D:12     | Killed a brown ugly thing
 10227 | D:13     | Reached XP level 12. HP: 86/96 MP: 22/22
 10588 | D:13     | Killed a seven-headed hydra
 10824 | D:13     | Reached ***** piety under Zin
 11200 | D:13     | Got a pair of polished gloves
 11211 | D:13     | Identified the +2 pair of gloves of the Lute {rElec rC-
                  | Str+2} (You found it on level 13 of the Dungeon)
 12014 | D:13     | Noticed a great orb of eyes
 12028 | D:13     | Killed a great orb of eyes
 12082 | D:13     | Reached skill level 10 in Fighting
 12082 | D:13     | Reached skill level 10 in Armour
 12082 | D:13     | Reached skill level 10 in Shields
 12202 | D:13     | Identified the +6 flail of Seniher {drain, rN+}
 12202 | D:13     | Noticed a centaur warrior
 12214 | D:13     | Killed a centaur warrior
 12219 | D:13     | Reached ****** piety under Zin
 12356 | D:13     | Noticed a catoblepas
 12381 | D:13     | Killed a catoblepas
 12423 | D:13     | Noticed an ice dragon
 12605 | D:13     | Killed an ice dragon
 12955 | D:13     | Reached XP level 13. HP: 103/103 MP: 24/24
 13541 | D:14     | Found a shadowy altar of Dithmenos.
 14169 | D:14     | Noticed an ice dragon
 14173 | D:14     | Noticed an ettin
 14704 | D:11     | Found a staircase to the Lair.
 15051 | D:11     | Found a flagged portal.
 15060 | Bailey   | Entered a bailey
 15430 | Lair:1   | Entered Level 1 of the Lair of Beasts
 15834 | Lair:1   | Learned a level 7 spell: Ring of Flames
 15876 | Lair:1   | Learned a level 3 spell: Mephitic Cloud
 16073 | Lair:1   | Reached XP level 14. HP: 68/111 MP: 26/26
 16713 | Lair:2   | Found a staircase to the Snake Pit.
 16832 | Lair:2   | Zin protects you from harm!
 16833 | Lair:2   | HP: 5/111 [seven-headed hydra (2)]
 17470 | Lair:2   | Reached skill level 10 in Long Blades
 17748 | Lair:2   | Learned a level 6 spell: Freezing Cloud
 17751 | Lair:2   | Learned a level 2 spell: Blink
 17754 | Lair:2   | Learned a level 2 spell: Slow
 17760 | Lair:2   | Learned a level 5 spell: Fireball
 17778 | Lair:3   | Noticed Gastronok
 18055 | Lair:2   | Killed Gastronok
 18253 | Lair:3   | Noticed Rupert
 18493 | Lair:2   | Zin protects you from harm!
 18501 | Lair:2   | Paralysed by Rupert for 6 turns
 18502 | Lair:2   | HP: 2/113 [blink frog (5)]
 18505 | Lair:2   | Slain by Rupert

Levels and vault maps discovered:
D:1:      nzn_arrival_settlement, layout_basic, minivault_23, nrook_campfire,
          patterned_corridor
D:2:      layout_basic, grunt_ministairs_2, uniq_sigmund, uniq_robin,
          uniq_natasha
D:3:      layout_basic, first_ration, kennysheep_big_empty_room
D:4:      layout_rooms, st_stairs_1, evilmike_ruin_ashenzari
D:5:      layout_cave_pools, basic_altar
D:6:      gammafunk_wand_slinger, layout_loops_ring, temple_statues,
          serial_bayou_pond_e
D:7:      layout_rooms, gammafunk_ghost_smash, serial_glass, glass_columns_a,
          glass_columns_a, glass_columns_a, glass_columns_a, grunt_livestock
D:8:      layout_rooms, chequers_serial_rivers_large_b
D:9:      layout_basic, minitemple, zombieorc1_lemuel, evilmike_minifort
D:10:     layout_long_grid, grunt_ministairs_8, kennysheep_small_spiral,
          kennysheep_windowed_goal, uniq_grum
D:11:     layout_basic, lair_entry_dummy, enter_bailey_7
D:12:     layout_roguey, gammafunk_ghost_split, uniq_josephine
D:13:     minmay_the_grid_square_5x5_4x4
          [minmay_the_grid_square_5x5_half_checkered,
          minmay_the_grid_square_5x5_forky, minmay_the_grid_square_5x5_six,
          minmay_the_grid_square_5x5_bridge, minmay_the_grid_square_5x5_empty,
          minmay_the_grid_square_5x5_prize_snowflake,
          minmay_the_grid_square_5x5_prize_deathbox,
          minmay_the_grid_square_5x5_z, minmay_the_grid_square_5x5_mess,
          minmay_the_grid_square_5x5_prize_gold,
          minmay_the_grid_square_5x5_prize_open,
          minmay_the_grid_square_5x5_intrusive_squares,
          minmay_the_grid_square_5x5_longway,
          minmay_the_grid_square_5x5_misaligned,
          minmay_the_grid_square_5x5_one_wall, minmay_the_grid_square_5x5_tie],
          layout_cave_pools
D:14:     layout_big_octagon, david_vaults_4, grunt_dithmenos_smoke
Temple:   nicolae_temple_figure_zero
Lair:1:   layout_regular_city, serial_bayou_shore_b, grunt_megastairs_3
Lair:2:   layout_chaotic_city, dummy_snake_entry
Lair:3:   layout_regular_city, swamp_mist, lemuel_fruit_tree,
          grunt_megastairs_2, lemuel_fruit_fields, uniq_rupert, uniq_gastronok

Skill      XL: |  1  2  3  4  5  6  7  8  9 10 11 12 13 14 |
---------------+-------------------------------------------+-----
Invocations    | 1 2 3 4 5 6 7 8 9 |  9.8
Short Blades   | 1 2 3 4 5 6 7 8 9 |  9.0
Axes           | 1 2 3 4 5 6 7 8 9 |  9.0
Maces & Flails | 1 2 3 4 5 6 7 8 9 |  9.0
Polearms       | 1 2 3 4 5 6 7 8 9 |  9.0
Staves         | 1 2 3 4 5 6 7 8 9 |  9.0
Slings         | 1 2 3 4 5 6 7 8 9 |  9.0
Bows           | 1 2 3 4 5 6 7 8 9 |  9.0
Crossbows      | 1 2 3 4 5 6 7 8 9 |  9.0
Throwing       | 1 2 3 4 5 6 7 8 9 |  9.0
Dodging        | 1 2 3 4 5 6 7 8 9 |  9.0
Stealth        | 1 2 3 4 5 6 7 8 9 |  9.0
Unarmed Combat | 1 2 3 4 5 6 7 8 9 |  9.0
Spellcasting   | 1 2 3 4 5 6 7 8 9 |  9.0
Evocations     | 1 2 3 4 5 6 7 8 9 |  9.0
Conjurations   | 1 2 3 4 5 6 7 |  7.5
Hexes          | 1 2 3 4 5 6 7 |  7.5
Charms         | 1 2 3 4 5 6 7 |  7.5
Summonings     | 1 2 3 4 5 6 7 |  7.5
Necromancy     | 1 2 3 4 5 6 7 |  7.5
Translocations | 1 2 3 4 5 6 7 |  7.5
Transmutations | 1 2 3 4 5 6 7 |  7.5
Fire Magic     | 1 2 3 4 5 6 7 |  7.5
Ice Magic      | 1 2 3 4 5 6 7 |  7.5
Air Magic      | 1 2 3 4 5 6 7 |  7.5
Earth Magic    | 1 2 3 4 5 6 7 |  7.5
Poison Magic   | 1 2 3 4 5 6 7 |  7.5
Long Blades    | 5 6 7 8 9 10 | 10.1
Fighting       | 7 8 9 10 11 | 11.0
Armour         | 7 8 9 10 11 | 11.0
Shields        | 7 8 9 10 11 | 11.0

Action                   |  1- 3 |  4- 6 |  7- 9 | 10-12 | 13-15 || total
-------------------------+-------+-------+-------+-------+-------++-------
Melee: Long sword        |   117 |   126 |   527 |   615 |       ||  1385
       Bite              |    11 |    14 |    66 |   176 |   121 ||   388
       Hand axe          |       |       |       |   130 |       ||   130
       Flail             |       |       |       |   222 |   693 ||   915
Throw: Boomerang         |       |       |       |    32 |     9 ||    41
 Cast: Mephitic Cloud    |       |       |       |       |     4 ||     4
Invok: Recite            |       |       |       |     5 |     4 ||     9
       Vitalisation      |       |       |       |     5 |     3 ||     8
Evoke: Lightning rod     |       |       |       |       |     4 ||     4
       Tin of tremorston |       |       |       |       |     1 ||     1
       Wand              |       |       |       |       |     1 ||     1
  Use: Scroll            |       |     6 |     3 |     3 |     3 ||    15
       Potion            |       |       |     1 |     5 |     3 ||     9
 Stab: Confused          |       |       |       |     1 |     4 ||     5
       Invisible         |       |       |       |     2 |       ||     2
       Sleeping          |       |       |       |     1 |     3 ||     4
       Paralysed         |       |       |       |       |     7 ||     7
  Eat: Chunk             |     1 |     5 |     9 |    14 |    12 ||    41
       Ration            |       |       |     1 |     4 |     2 ||     7
Armor: Scale mail        |    58 |    33 |     9 |       |       ||   100
       Chain mail        |       |       |   335 |   558 |   409 ||  1302
Dodge: Dodged            |    29 |    37 |   168 |   433 |   562 ||  1229
Block: Kite shield       |    69 |    70 |   342 |       |       ||   481
       Buckler           |       |       |    15 |   440 |   508 ||   963
       Rpst.: Long sword |     5 |    11 |    57 |    72 |       ||   145

Table legend:
 A = Non-vault XP
 B = Vault XP
 C = Vault XP percentage of total XP
 D = Non-vault monster count
 E = Vault monster count
 F = Vault count percentage of total count
                 A         B        C        D         E       F
            +---------+---------+-------+---------+---------+-------
      Total |   42486 |   22789 |  34.9 |     388 |     125 |  24.4
            +---------+---------+-------+---------+---------+-------
        D:1 |      40 |       0 |   0.0 |      22 |       0 |   0.0
        D:2 |      94 |     291 |  75.6 |      12 |      12 |  50.0
        D:3 |     129 |       0 |   0.0 |      20 |       0 |   0.0
        D:4 |     799 |       0 |   0.0 |      26 |       0 |   0.0
        D:5 |     469 |       0 |   0.0 |      20 |       0 |   0.0
        D:6 |    1006 |       0 |   0.0 |      25 |       0 |   0.0
        D:7 |    1068 |     996 |  48.3 |      23 |       5 |  17.9
        D:8 |    1870 |       0 |   0.0 |      25 |       0 |   0.0
        D:9 |    1324 |     714 |  35.0 |      20 |      28 |  58.3
       D:10 |     862 |     355 |  29.2 |      15 |       3 |  16.7
       D:11 |    7461 |      32 |   0.4 |      51 |       4 |   7.3
       D:12 |    5512 |    2153 |  28.1 |      31 |       7 |  18.4
       D:13 |    5903 |   12553 |  68.0 |      28 |      29 |  50.9
       D:14 |    3804 |     778 |  17.0 |      18 |       3 |  14.3
     Lair:1 |    5511 |     109 |   1.9 |      19 |       1 |   5.0
     Lair:2 |    6394 |    3312 |  34.1 |      32 |       7 |  17.9
     Lair:3 |     240 |     183 |  43.3 |       1 |       1 |  50.0
     Bailey |       0 |    1313 | 100.0 |       0 |      25 | 100.0
            +---------+---------+-------+---------+---------+-------
